[Event "Titled Tuesday Blitz September 27 Late 2022"]
[White "Siddharth, Jagadeesh"]
[Black "Kjartansson, Gudmundur"]
[WhiteFideId "5818320"]
[BlackFideId "2301318"]
[WhiteElo "2165"]
[BlackElo "2338"]
[Result "1-0"]
[Round "03"]
[TimeControl "180+1"]
[Date "2022.09.28"]
[WhiteClock "0:00:07"]
[BlackClock "0:00:03"]

1. d4 d5 2. c4 e6 3. Nc3 c6 4. e3 Nf6 5. Nf3 Nbd7 6. Be2 dxc4 7. a4 Bd6 8. Nd2 O-O 9. Nxc4 Bc7 10. f4 b6 11. O-O Bb7 12. Bf3 Rb8 13. b3 c5 14. Bxb7 Rxb7 15. d5 exd5 16. Nxd5 Nxd5 17. Qxd5 Rb8 18. Bb2 Qe7 19. Rad1 Rfd8 20. Qf5 Nf8 21. Ne5 Bxe5 22. Bxe5 Rbc8 23. e4 Ng6 24. Bc3 Qe6 25. Qxe6 fxe6 26. g3 Ne7 27. Kf2 Kf7 28. Ke3 g6 29. g4 a5 30. Rxd8 Rxd8 31. h4 Nc6 32. h5 Nd4 33. hxg6+ hxg6 34. Rh1 Kg8 35. g5 e5 36. fxe5 Ne6 37. Rf1 Rf8 38. Rd1 Nxg5 39. Bb2 Rf3+ 40. Ke2 Rxb3 41. Rd8+ Kf7 42. Rd7+ Ke6 43. Rd6+ Ke7 44. Bc1 Nxe4 45. Rxg6 Nc3+ 46. Kf2 Ne4+ 47. Ke2 Rg3 48. Rxb6 Nc3+ 49. Kf2 Rg4 50. e6 Rxa4 51. Bg5+ Kf8 52. Rb8+ Kg7 53. e7 Ne4+ 54. Ke3 Nd6 55. Bf4 Re4+ 56. Kf3 Rxe7 57. Bxd6 Ra7 58. Bxc5 Ra6 59. Ba3 a4 60. Ke4 Kf7 61. Rb4 Re6+ 62. Kd4 Kg6 63. Kc5 Kf5 64. Rxa4 Re5+ 65. Kb6 Re6+ 66. Kb5 Re5+ 67. Bc5 Re4 68. Ra8 Re5 69. Rf8+ Ke4 70. Kc6 Kd3 71. Bd6 Re2 72. Kd5 Ra2 73. Bc5 Rd2 74. Rf3+ Ke2+ 75. Ke4 Rc2 76. Rf2+ Kd1 77. Rf5 Re2+ 78. Kd5 Rd2+ 79. Kc4 Rc2+ 80. Kd4 Ke2 81. Rh5 Rd2+ 82. Ke4 Rc2 83. Bd4 Rc8 84. Rh2+ Kf1 85. Rf2+ Ke1 86. Rg2 Re8+ 87. Kd3 Kf1 88. Rg1# 1-0


[Site "https://www.chess.com"]

[Event "Titled Tuesday Blitz September 27 Late 2022"]
[White "Svane, Frederik"]
[Black "Janaszak, Dawid"]
[WhiteFideId "12923044"]
[BlackFideId "1119206"]
[WhiteElo "2459"]
[BlackElo "2165"]
[Result "0-1"]
[Round "03"]
[TimeControl "180+1"]
[Date "2022.09.27"]
[WhiteClock "0:00:06"]
[BlackClock "0:00:36"]

1. a3 a6 2. d4 Nf6 3. Bg5 b5 4. Nc3 Bb7 5. Qd2 c5 6. dxc5 Qc7 7. b4 g6 8. Bxf6 exf6 9. Nh3 Nc6 10. e3 Ne5 11. Nf4 Bg7 12. Nfd5 Qd8 13. Be2 O-O 14. O-O f5 15. Rfd1 Qh4 16. h3 Rad8 17. a4 d6 18. axb5 axb5 19. Ra7 Bxd5 20. Nxd5 Kh8 21. g3 Qe4 22. c6 Nxc6 23. Bxb5 Nxa7 24. Be2 Rc8 25. c4 Rxc4 26. Bxc4 Qxc4 27. Nb6 Qc6 28. Qxd6 Qxd6 29. Rxd6 Nb5 30. Rd7 Bf6 31. Nd5 Kg7 32. Rb7 Nd6 33. Rd7 Ne4 34. b5 Rb8 35. b6 Nc3 36. Nxc3 Bxc3 37. b7 Be5 38. f4 Bf6 39. Kf2 Bd8 40. Kf3 Kf8 41. g4 Ke8 42. Rd5 fxg4+ 43. hxg4 Rxb7 44. Rd1 Rd7 45. Rh1 f6 46. f5 g5 47. Rb1 Kf7 48. Rb4 Be7 49. Re4 Bc5 50. Re6 Re7 51. Rc6 Bxe3 52. Rc8 Bf4 53. Rc3 h6 54. Rd3 Rc7 55. Rb3 Be5 56. Ke4 Rc3 57. Rb7+ Rc7 58. Rb3 Ke7 59. Kd5 Rd7+ 60. Ke4 Rd4+ 61. Ke3 Rxg4 62. Rb7+ Kd6 63. Kd3 Rf4 64. Rb6+ Kc5 65. Ra6 Rxf5 66. Ra5+ Kd6 67. Ra6+ Ke7 68. Ke4 Rf4+ 69. Kd5 Rd4+ 70. Kc5 h5 71. Ra7+ Ke6 72. Ra6+ Kf5 73. Ra1 h4 74. Rf1+ Rf4 75. Rh1 Kg4 76. Kd5 h3 77. Ke6 Kg3 78. Kf7 Kg2 79. Re1 h2 80. Kg6 h1=Q 81. Re2+ Rf2 82. Re4 Qf1 83. Rg4+ Kf3 84. Ra4 Qd3+ 85. Kg7 Rh2 86. Ra7 Rh7+ 87. Kg8 Qg6+ 0-1


[Site "https://www.chess.com"]

[Event "Titled Tuesday Blitz September 27 Late 2022"]
[White "Szente Varga, Fruzsina"]
[Black "Naroditsky, Daniel"]
[WhiteFideId "712264"]
[BlackFideId "2026961"]
[WhiteElo "1994"]
[BlackElo "2628"]
[Result "0-1"]
[Round "03"]
[TimeControl "180+1"]
[Date "2022.09.28"]
[WhiteClock "0:00:12"]
[BlackClock "0:00:51"]

1. e4 c5 2. Nf3 d6 3. d4 cxd4 4. Qxd4 a6 5. c4 Nc6 6. Qe3 Nf6 7. Nc3 Bg4 8. Be2 e6 9. h3 Bh5 10. Nd4 Bxe2 11. Ndxe2 Be7 12. O-O O-O 13. b3 Rb8 14. Bb2 b5 15. cxb5 axb5 16. Rac1 Qd7 17. Rfd1 Rfc8 18. Nd4 b4 19. Na4 h6 20. Nxc6 Rxc6 21. Rxc6 Qxc6 22. Qa7 Re8 23. e5 dxe5 24. Bxe5 Nd5 25. Qd4 Bf8 26. Qb2 Rc8 27. Kh2 Qc2 28. Rd2 Qe4 29. Re2 Qf5 30. Qd4 Rc1 31. Qd2 Qb1 32. Qb2 Rh1+ 33. Kg3 Qg6+ 34. Kf3 Qd3+ 35. Kg4 f5+ 36. Kh4 Be7+ 37. Kh5 Kh7 38. Bxg7 Qxh3+ 39. gxh3 Nf4# 0-1


[Site "https://www.chess.com"]

[Event "Titled Tuesday Blitz September 27 Late 2022"]
[White "Taboas Rodriguez, Daniel"]
[Black "Tari, Aryan"]
[WhiteFideId "2208466"]
[BlackFideId "1510045"]
[WhiteElo "2429"]
[BlackElo "2612"]
[Result "0-1"]
[Round "03"]
[TimeControl "180+1"]
[Date "2022.09.27"]
[WhiteClock "0:00:05"]
[BlackClock "0:00:16"]

1. d4 d5 2. Nf3 Nf6 3. c4 e6 4. Bg5 dxc4 5. e3 a6 6. Bxc4 b5 7. Bb3 Bb7 8. O-O Be7 9. a4 Nbd7 10. axb5 axb5 11. Nc3 Rxa1 12. Qxa1 b4 13. Nb5 Bxf3 14. gxf3 O-O 15. Rc1 c5 16. Bxf6 Bxf6 17. dxc5 Qb8 18. Qa6 Bxb2 19. Rc2 Bc3 20. Nxc3 Nxc5 21. Qc4 bxc3 22. Qxc5 Qxb3 23. Qxc3 Qb1+ 24. Kg2 h5 25. Qc4 Rd8 26. Qe4 Qb5 27. Rc7 Qg5+ 28. Kh3 Qg1 29. Qh4 Qf1+ 30. Kg3 Qg1+ 31. Kh3 Rd5 32. f4 Qf1+ 33. Kg3 Qg1+ 34. Kf3 g5 35. fxg5 Rf5+ 36. Ke4 Qb1+ 37. Kd4 Qb4+ 38. Rc4 Rd5+ 39. Ke4 Qxc4+ 40. Kf3 Qxh4 0-1


[Site "https://www.chess.com"]

[Event "Titled Tuesday Blitz September 27 Late 2022"]
[White "Thomforde-Toates, Noah"]
[Black "Acosta Cruz, Oscar Yosimar"]
[WhiteFideId "30951992"]
[BlackFideId "5111269"]
[WhiteElo "2572"]
[BlackElo "2147"]
[Result "1-0"]
[Round "03"]
[TimeControl "180+1"]
[Date "2022.09.28"]
[WhiteClock "0:00:18"]
[BlackClock "0:00:01"]

1. c4 e5 2. Nc3 Nf6 3. g3 c6 4. d4 exd4 5. Qxd4 d5 6. Bg2 dxc4 7. Qxc4 Be6 8. Qh4 Be7 9. Bg5 Nbd7 10. Nf3 Qb6 11. O-O O-O 12. Rab1 h6 13. Be3 Qa5 14. Qa4 Qxa4 15. Nxa4 Bxa2 16. Ra1 Bc4 17. Nc3 Bc5 18. Nd4 Rfe8 19. Rfd1 a6 20. Nf5 Bxe3 21. Nxe3 Bb3 22. Rd4 Nc5 23. Nf5 Rad8 24. Rxd8 Rxd8 25. Bf3 Rd2 26. Ra5 Nfd7 27. Ne4 Rxb2 28. Nxc5 Nxc5 29. Rxc5 Be6 30. Kg2 b6 31. Re5 c5 32. Nd6 a5 33. Bc6 c4 34. Re3 Kf8 35. f4 g6 36. Kf2 Rb4 37. Ne4 a4 38. Nc3 a3 39. Na2 Rb3 40. Re5 Rb2 41. Nc3 Rc2 42. Re3 a2 43. Nxa2 Rxa2 44. Kf3 Rb2 45. g4 b5 46. Be4 b4 47. f5 gxf5 48. gxf5 Bd7 49. Kf4 c3 50. f6 c2 51. Bxc2 Rxc2 52. Rd3 Bb5 53. Rd8+ Be8 54. Rb8 Rc4+ 55. e4 h5 56. h4 b3 57. Rxb3 Rc5 58. Rb8 Rc6 59. e5 Rc4+ 60. Kf5 Rxh4 61. Kg5 Rg4+ 62. Kxh5 Rg1 63. Kh4 Rg2 64. Kh5 Rg1 65. Ra8 Rg2 66. Kh4 Rg1 67. Kh3 Rg5 68. Ra5 Bd7+ 69. Kh4 Rf5 70. Ra8+ Be8 71. Ra5 Rf1 72. Rc5 Rg1 73. Ra5 Rg2 74. Kh3 Rg1 75. Kh2 Rg5 76. Kh3 Kg8 77. Kh4 Rg1 78. Rc5 Kh7 79. Rc7 Kg6 80. e6 fxe6 81. Rg7+ Kxf6 82. Rxg1 Bg6 83. Kg3 Bf5 84. Kf4 Ke7 85. Ke5 Kd7 86. Rd1+ Ke7 87. Ra1 Kf7 88. Ra7+ Kg6 89. Rb7 Kg5 90. Rg7+ Kh4 91. Kf4 Kh5 92. Rg5+ Kh6 93. Rg1 Kh7 94. Kg5 Bd3 95. Kf6 e5 96. Rh1+ Kg8 97. Rh3 Bc4 98. Rg3+ Kh8 99. Kg6 Bg8 100. Rh3+ Bh7+ 101. Rxh7+ Kg8 102. Re7 1-0


[Site "https://www.chess.com"]

[Event "Titled Tuesday Blitz September 27 Late 2022"]
[White "Timmermans, Mark"]
[Black "Lazavik, Denis"]
[WhiteFideId "1026399"]
[BlackFideId "13515110"]
[WhiteElo "2460"]
[BlackElo "2437"]
[Result "1-0"]
[Round "03"]
[TimeControl "180+1"]
[Date "2022.09.27"]
[WhiteClock "0:00:28"]
[BlackClock "0:00:07"]

1. b4 e5 2. Bb2 Bxb4 3. Bxe5 Nf6 4. Nc3 Ba5 5. e3 Nc6 6. Bg3 O-O 7. Nf3 d6 8. Bd3 Qe7 9. O-O Ne5 10. Ne4 Bg4 11. Nxf6+ Qxf6 12. Be2 Nxf3+ 13. Bxf3 Bxf3 14. gxf3 Rfe8 15. c3 h5 16. h4 d5 17. Kg2 Bb6 18. a4 a5 19. d4 Re6 20. Qb3 Qf5 21. c4 Rf6 22. c5 Qxf3+ 23. Kh2 Re8 24. cxb6 Rxb6 25. Qc2 Rc6 26. Qd1 Qf5 27. Rc1 Rxc1 28. Qxc1 c6 29. Qb1 Qd7 30. Rg1 Re4 31. Bf4 Qe7 32. Rg5 f6 33. Rg3 Qd7 34. Qd1 Qf7 35. Qd2 b6 36. Qb2 Qb7 37. Qe2 Qf7 38. Qa6 c5 39. dxc5 bxc5 40. Qxa5 d4 41. Qxc5 dxe3 42. fxe3 Rxa4 43. Qc8+ Qf8 44. Rxg7+ Kxg7 45. Bh6+ 1-0


[Site "https://www.chess.com"]

[Event "Titled Tuesday Blitz September 27 Late 2022"]
[White "Tristan, Leonardo"]
[Black "Runets, Ivan"]
[WhiteFideId "113816"]
[BlackFideId "13511564"]
[WhiteElo "2404"]
[BlackElo "1962"]
[Result "1-0"]
[Round "03"]
[TimeControl "180+1"]
[Date "2022.09.28"]
[WhiteClock "0:00:20"]
[BlackClock "0:00:07"]

1. d4 Nf6 2. Nf3 e6 3. Bf4 b6 4. e3 Bb7 5. Nbd2 Be7 6. h3 d5 7. Bd3 O-O 8. O-O Nbd7 9. Qe2 Ne4 10. Rfe1 Bd6 11. Rad1 h6 12. c3 Qe7 13. Ne5 Bxe5 14. dxe5 Nxd2 15. Rxd2 f6 16. exf6 Nxf6 17. Be5 Nd7 18. Bxc7 e5 19. f4 e4 20. Bb5 Nc5 21. Be5 a6 22. b4 axb5 23. bxc5 Qxc5 24. Bd4 Qc6 25. Rb1 Ra5 26. Qg4 Rf7 27. Rdb2 Bc8 28. Qh5 Rfa7 29. a4 Ba6 30. axb5 Rxb5 31. Rxb5 Bxb5 32. f5 Kh7 33. f6 gxf6 34. Qf5+ Kg7 35. Rxb5 Ra1+ 36. Kh2 Qd6+ 37. Qf4 Qxf4+ 38. exf4 Re1 39. Rxb6 e3 40. Rxf6 e2 41. Re6+ Kf7 42. f5 h5 43. h4 Rf1 44. Rxe2 Rxf5 45. Rf2 Kg6 46. Rxf5 Kxf5 47. Kg3 Ke4 48. Kf2 Kf4 49. g3+ Kg4 50. Kg2 Kf5 51. Kf3 Kg6 52. g4 Kh6 53. g5+ Kg6 54. Kf4 Kh7 55. Ke5 Kg8 56. Kxd5 Kh7 57. c4 Kg6 58. Ke6 Kh7 59. c5 Kg6 60. c6 Kh7 61. c7 Kg6 62. c8=Q Kh7 63. Qd7+ Kg8 64. Qg7# 1-0


[Site "https://www.chess.com"]

[Event "Titled Tuesday Blitz September 27 Late 2022"]
[White "Urbina Perez, Juan Antonio"]
[Black "Priasmoro, Novendra"]
[WhiteFideId "2217368"]
[BlackFideId "7105029"]
[WhiteElo "2197"]
[BlackElo "2309"]
[Result "1/2-1/2"]
[Round "03"]
[TimeControl "180+1"]
[Date "2022.09.28"]
[WhiteClock "0:00:20"]
[BlackClock "0:00:15"]

1. d4 Nf6 2. c4 e6 3. Nf3 d5 4. g3 c5 5. cxd5 exd5 6. Bg2 Nc6 7. O-O cxd4 8. Nxd4 Bc5 9. Nxc6 bxc6 10. Nc3 O-O 11. e4 Ba6 12. Re1 d4 13. Na4 Bb4 14. Bd2 Qa5 15. Bxb4 Qxb4 16. a3 Qa5 17. b4 Qb5 18. Nc5 Rfd8 19. Rc1 d3 20. Qd2 Ng4 21. Rc3 Ne5 22. Rd1 Rd4 23. f4 Nc4 24. Qf2 Rad8 25. e5 h5 26. Bf1 Bc8 27. Rcxd3 Rxd3 28. Rxd3 Rxd3 29. Bxd3 Be6 30. Nxe6 fxe6 31. Qe2 Qb6+ 32. Kg2 Ne3+ 33. Kh3 Ng4 34. Bc4 Kf7 35. f5 Qd4 36. Bxe6+ Ke7 37. Qc4 Qxc4 38. Bxc4 Nxe5 39. Be2 Kf6 40. Bxh5 Kxf5 41. Be2 Ke4 42. Kg2 Ke3 43. Ba6 g5 44. a4 Kd4 45. b5 cxb5 46. Bxb5 g4 47. h3 gxh3+ 48. Kxh3 Ke4 49. g4 Kf4 50. Kh4 Nxg4 51. Kh3 Ne5 52. Kg2 Ke3 53. Kf1 Kd2 54. Kf2 a5 55. Kg3 Ke3 56. Kg2 Kd4 57. Kf2 Kc3 58. Ke2 Kc2 59. Ke1 Nf7 60. Ke2 Nd6 61. Ke1 Kc3 62. Kd1 Kb4 63. Kc1 Ne4 64. Kc2 Nc3 65. Kb2 Nd5 66. Kc2 Nb6 67. Kb2 Nxa4+ 68. Bxa4 Kxa4 69. Ka2 Kb4 70. Ka1 a4 71. Kb1 a3 72. Ka1 Kb3 73. Kb1 a2+ 74. Ka1 Ka3 1/2-1/2


[Site "https://www.chess.com"]

[Event "Titled Tuesday Blitz September 27 Late 2022"]
[White "Wachinger, Guenther"]
[Black "Bartel, Mateusz"]
[WhiteFideId "4604261"]
[BlackFideId "1112635"]
[WhiteElo "2212"]
[BlackElo "2526"]
[Result "1/2-1/2"]
[Round "03"]
[TimeControl "180+1"]
[Date "2022.09.27"]
[WhiteClock "0:01:45"]
[BlackClock "0:01:23"]

1. e4 g6 2. d4 Bg7 3. Nc3 c6 4. Nf3 d5 5. h3 dxe4 6. Nxe4 Nd7 7. Bd3 Ngf6 8. c3 Nxe4 9. Bxe4 Qc7 10. O-O O-O 11. Re1 b6 12. Bg5 Re8 13. Qd2 Bb7 14. Bc2 e5 15. dxe5 Nxe5 16. Nxe5 Bxe5 17. Bb3 c5 18. Ba4 Re6 19. Qd7 Qxd7 20. Bxd7 Rd6 21. Rxe5 Rxd7 1/2-1/2


[Site "https://www.chess.com"]

[Event "Titled Tuesday Blitz September 27 Late 2022"]
[White "Xiong, Jeffery"]
[Black "Boros, Denes"]
[WhiteFideId "2047640"]
[BlackFideId "722340"]
[WhiteElo "2714"]
[BlackElo "2464"]
[Result "0-1"]
[Round "03"]
[TimeControl "180+1"]
[Date "2022.09.27"]
[WhiteClock "0:00:03"]
[BlackClock "0:00:06"]

1. d4 c6 2. c4 d5 3. cxd5 cxd5 4. Bf4 Bg4 5. h3 Bh5 6. Qb3 Qd7 7. Nc3 e6 8. e3 Nc6 9. Rc1 Nf6 10. Bb5 Be7 11. g4 Bg6 12. Nf3 Bd6 13. Bxd6 Qxd6 14. Ne5 O-O 15. Bxc6 bxc6 16. Qa3 c5 17. Na4 Qa6 18. Nxc5 Qxa3 19. bxa3 Rfb8 20. f3 Rb2 21. h4 h6 22. Nxe6 Rxa2 23. Nf4 Rb8 24. g5 Nh5 25. Nxd5 Ng3 26. Rh3 Rg2 27. Nd7 Re8 28. Ne5 Rb8 29. Nf4 Rg1+ 30. Kd2 Rb2+ 31. Kc3 Rxc1+ 32. Kxb2 Rg1 33. gxh6 Nf5 34. Nfxg6 fxg6 35. hxg7 Nxe3 36. h5 Kxg7 37. hxg6 Nd5 38. Rh7+ Kf6 39. Rf7+ Ke6 40. Rxa7 Nf4 41. g7 Kd5 42. Rd7+ Ke6 43. Kb3 Nd5 44. Rb7 Nf6 45. Rb6+ Kf5 46. Rb7 Rb1+ 47. Kc4 Rxb7 48. a4 Rc7+ 49. Kb5 Rxg7 50. a5 Nd5 51. a6 Ke6 52. Nc6 Kd6 53. a7 Nc7+ 54. Kb6 Na8+ 55. Kb5 Rb7+ 0-1


[Site "https://www.chess.com"]

[Event "Titled Tuesday Blitz September 27 Late 2022"]
[White "Yoo, Christopher Woojin"]
[Black "Stoyanov, Tsvetan"]
[WhiteFideId "30909694"]
[BlackFideId "2917173"]
[WhiteElo "2105"]
[BlackElo "2283"]
[Result "1-0"]
[Round "03"]
[TimeControl "180+1"]
[Date "2022.09.27"]
[WhiteClock "0:00:08"]
[BlackClock "0:00:02"]

1. e4 c5 2. Nf3 d6 3. d4 cxd4 4. Nxd4 Nf6 5. Nc3 a6 6. a3 e5 7. Nf5 Bxf5 8. exf5 d5 9. Bg5 d4 10. Ne4 Qa5+ 11. b4 Qb6 12. Bxf6 gxf6 13. Bc4 Qc6 14. Bd5 Qc7 15. Nxf6+ Kd8 16. Ne4 Qd7 17. c4 Qxf5 18. Bxb7 Ra7 19. Bd5 Nd7 20. O-O Nb6 21. Ng3 Qf4 22. Ne2 Qh6 23. f4 Bd6 24. Qd3 Re8 25. Bc6 exf4 26. Bxe8 f3 27. Ng3 Kxe8 28. Rxf3 Re7 29. c5 Bxg3 30. Rxg3 Nd5 31. Qxd4 Qe6 32. Rd1 Rd7 33. Rg8+ Ke7 34. Rg5 Nf6 35. Re5 Rxd4 36. Rxe6+ Kxe6 37. Rxd4 1-0


[Site "https://www.chess.com"]

[Event "Titled Tuesday Blitz September 27 Late 2022"]
[White "Yurovskykh, Oleksandr"]
[Black "Sam, Gabriel"]
[WhiteFideId "14134020"]
[BlackFideId "75000776"]
[WhiteElo "2303"]
[BlackElo "2447"]
[Result "1/2-1/2"]
[Round "03"]
[TimeControl "180+1"]
[Date "2022.09.28"]
[WhiteClock "0:00:06"]
[BlackClock "0:00:03"]

1. d4 Nf6 2. Nf3 e6 3. Bf4 c5 4. c3 Nc6 5. e3 a6 6. Nbd2 d5 7. Bd3 Bd6 8. Bg3 O-O 9. Qe2 Qe7 10. Ne5 Nd7 11. Nxd7 Bxd7 12. Bxd6 Qxd6 13. dxc5 Qxc5 14. Bxh7+ Kxh7 15. Qh5+ Kg8 16. Ne4 g6 17. Nxc5 gxh5 18. Nxd7 Rfc8 19. Nb6 Rd8 20. Nxa8 Rxa8 21. Ke2 b5 22. Rac1 Rb8 23. Rhd1 a5 24. h4 Ne5 25. b3 a4 26. Rd4 axb3 27. axb3 Ra8 28. Rc2 Nc6 29. Rd1 Ra3 30. Rb1 Na5 31. Rcb2 Kg7 32. Kd3 Kf6 33. Kd4 Nb7 34. f3 Ke7 35. g4 Kd6 36. Kd3 Nc5+ 37. Kc2 Ra8 38. Rg1 Rh8 39. g5 Nd7 40. Ra2 Ne5 41. f4 Ng4 42. Kd2 Rb8 43. b4 Nf2 44. Ra7 Rc8 45. Rc1 Ne4+ 46. Kd3 Nf2+ 47. Ke2 Ne4 48. Ra3 e5 49. fxe5+ Kxe5 50. Rc2 Kf5 51. Kd3 Kg4 52. Ra7 Kxh4 53. Rxf7 Kxg5 54. Rf4 h4 55. Rg2+ Ng3 56. Rd4 Rd8 57. Rh2 Nf5 58. Rf4 Re8 59. Rg2+ Kf6 60. Rgf2 Ke5 61. Kd2 Nd6 62. Kd3 Ne4 63. Rg2 Rc8 64. Rc2 h3 65. Rh4 Ng5 66. Rh5 Kf5 67. Rf2+ Kg6 68. Rh4 Rc4 69. Rxc4 bxc4+ 70. Kd4 h2 71. Rf1 Nf3+ 72. Rxf3 h1=Q 73. Rf4 Qd1+ 74. Kc5 Qd2 75. Rd4 Qxc3 76. Kxd5 Qxe3 77. Kxc4 Kf5 78. Rd5+ Ke6 79. Rc5 Qc1+ 80. Kb5 Qf1+ 81. Kb6 Kd6 82. Rc6+ Kd7 83. Rc5 Qf4 84. Kb5 Qd4 85. Ka5 Kd6 86. Kb5 Qd3+ 87. Ka5 Qa3+ 88. Kb5 Qd3+ 89. Ka5 Kd7 90. Kb6 Qb3 91. Kb5 Kd6 92. Ka5 Qa3+ 93. Kb5 Qd3+ 1/2-1/2


[Site "https://www.chess.com"]

[Event "Titled Tuesday Blitz September 27 Late 2022"]
[White "Adury, Anant"]
[Black "Ilkhomi, Jaloliddin"]
[WhiteFideId "30964687"]
[BlackFideId "14700948"]
[WhiteElo "2509"]
[BlackElo "1440"]
[Result "1/2-1/2"]
[Round "04"]
[TimeControl "180+1"]
[Date "2022.09.28"]
[WhiteClock "0:00:08"]
[BlackClock "0:00:11"]

1. Nf3 Nf6 2. d4 e6 3. c4 Bb4+ 4. Nc3 O-O 5. Bg5 d5 6. cxd5 exd5 7. e3 Bf5 8. Bd3 Bxd3 9. Qxd3 Be7 10. Ne5 Nbd7 11. Nxd7 Qxd7 12. O-O c6 13. Rae1 Ne4 14. Bxe7 Qxe7 15. Nxe4 dxe4 16. Qc3 Rad8 17. b4 Rd5 18. a4 Rfd8 19. Rb1 R8d6 20. Rfc1 Rg6 21. b5 Qg5 22. g3 h5 23. bxc6 bxc6 24. Rb8+ Kh7 25. Rc8 h4 26. Rxc6 h3 27. Rxg6 Qxg6 28. Qc6 Qf5 29. Qc8 Rd7 30. Kf1 Qg4 31. Ke1 Qe6 32. Qc6 Rd6 33. Qc8 Qh6 34. Qg4 Re6 35. Qf4 Qh5 36. d5 Qxd5 37. Rd1 Qa5+ 38. Kf1 Qa6+ 39. Kg1 Qxa4 40. Qh4+ Rh6 41. Qg4 Rg6 42. Qh4+ Rh6 43. Qg4 g6 44. Qd7 Qxd7 45. Rxd7 Rh5 46. Rxf7+ Kh6 47. Rxa7 Rc5 48. Ra1 Rc2 49. Re1 Kg5 50. Rf1 Kg4 51. f4 exf3 52. Rf2 Rc1+ 53. Rf1 Rc2 54. Rf2 Rc3 55. e4 Re3 56. Rb2 Rxe4 57. Kf2 Rd4 58. Ra2 Rb4 59. Rc2 g5 60. Rd2 Rb3 61. Rd4+ Kf5 62. Rd2 g4 63. Ra2 Ke4 64. Ra4+ Kf5 65. Ra5+ Ke6 66. Ra6+ Kd5 67. Ra5+ Kc4 68. Ra4+ Rb4 69. Ra2 Kc3 70. Ra7 Rb2+ 71. Kg1 Kd3 72. Rd7+ Ke2 73. Re7+ Kd1 74. Rd7+ Rd2 75. Rf7 Ke1 76. Re7+ Re2 77. Rf7 Rg2+ 78. Kh1 Re2 79. Kg1 f2+ 80. Kh1 Re3 81. Rxf2 Rxg3 82. Rf4 Rg2 83. Re4+ Kf1 84. Re1+ Kf2 85. Re2+ Kf3 86. Re3+ Kf4 87. Re4+ Kg5 88. Re5+ Kf6 89. Re6+ Kf5 90. Re5+ Kf4 91. Re4+ Kg5 92. Re5+ Kg6 93. Re6+ Kf7 94. Re7+ Kf6 95. Re6+ Kf5 96. Re5+ Kf4 97. Re4+ 1/2-1/2


[Site "https://www.chess.com"]

[Event "Titled Tuesday Blitz September 27 Late 2022"]
[White "Bacrot, Etienne"]
[Black "Timmermans, Mark"]
[WhiteFideId "605506"]
[BlackFideId "1026399"]
[WhiteElo "2666"]
[BlackElo "2460"]
[Result "1-0"]
[Round "04"]
[TimeControl "180+1"]
[Date "2022.09.27"]
[WhiteClock "0:01:16"]
[BlackClock "0:00:26"]

1. e4 e5 2. Nf3 Nc6 3. Bb5 f5 4. d3 fxe4 5. dxe4 Nf6 6. Qd3 d6 7. O-O Be7 8. Nc3 O-O 9. Bxc6 bxc6 10. Qc4+ Kh8 11. Qxc6 Rb8 12. b3 Rb4 13. Nd5 Nxd5 14. exd5 Bb7 15. Qc3 Rb5 16. Qe3 Rxd5 17. c4 Ra5 18. Bd2 Ra6 19. Ng5 Bxg5 20. Qxg5 Qxg5 21. Bxg5 h6 22. Be3 c6 23. a4 d5 24. Bc5 Re8 25. a5 dxc4 26. b4 Bc8 27. Rfe1 Kg8 28. Rac1 Be6 29. Rxe5 Kf7 30. f3 Rd8 31. Rce1 Bd5 32. Re7+ Kg6 33. Rd1 Rb8 34. Rd7 Rb5 35. Rd6+ Be6 36. Rxe6+ 1-0


[Site "https://www.chess.com"]

[Event "Titled Tuesday Blitz September 27 Late 2022"]
[White "Bartel, Mateusz"]
[Black "Lewtak, Damian"]
[WhiteFideId "1112635"]
[BlackFideId "1141724"]
[WhiteElo "2526"]
[BlackElo "2329"]
[Result "1-0"]
[Round "04"]
[TimeControl "180+1"]
[Date "2022.09.27"]
[WhiteClock "0:00:40"]
[BlackClock "0:00:19"]

1. e4 b6 2. d4 Bb7 3. Nc3 g6 4. h4 h5 5. Nh3 Bg7 6. Be3 d6 7. Qd2 Nd7 8. O-O-O c5 9. Ng5 cxd4 10. Bxd4 Bxd4 11. Qxd4 Ngf6 12. f4 O-O 13. e5 Ng4 14. Bc4 e6 15. exd6 Qf6 16. Rhe1 Qxd4 17. Rxd4 Bxg2 18. Nxe6 Rfe8 19. Rg1 fxe6 20. Rxg2 Kg7 21. Bb5 Rad8 22. a4 Rf8 23. Re2 e5 24. fxe5 Ndxe5 25. b3 Nf3 26. Re7+ Rf7 27. Rxf7+ Kxf7 28. Rf4+ 1-0


[Site "https://www.chess.com"]

[Event "Titled Tuesday Blitz September 27 Late 2022"]
[White "Beerdsen, Thomas"]
[Black "Goltsev, Dmitry"]
[WhiteFideId "1030108"]
[BlackFideId "24176710"]
[WhiteElo "2567"]
[BlackElo "2257"]
[Result "1-0"]
[Round "04"]
[TimeControl "180+1"]
[Date "2022.09.27"]
[WhiteClock "0:01:53"]
[BlackClock "0:00:35"]

1. g4 d5 2. Bg2 c5 3. c4 d4 4. d3 Nc6 5. Bxc6+ bxc6 6. g5 e5 7. Nf3 Bd6 8. Nbd2 Bf5 9. Qa4 Qb6 10. h4 Ne7 11. h5 Qb4 12. Qc2 O-O 13. Nh4 Bg4 14. h6 g6 15. a3 Qb7 16. Ne4 Qb6 17. Nxd6 f5 18. gxf6 Rxf6 19. Ne4 Rf7 20. Bg5 Raf8 21. f3 Bf5 22. Bxe7 Rxe7 23. Nxf5 Rxf5 24. b4 cxb4 25. axb4 Qxb4+ 26. Qd2 Qb6 27. Qa5 Qb8 28. Kf2 Ref7 29. Rab1 Qf8 30. Rh3 g5 31. Rg3 Qxh6 32. Rb8+ Kg7 33. Qd8 Qh2+ 34. Ke1 Kh6 35. Qd6+ Kh5 36. Qe6 h6 37. Rxg5+ Kh4 38. Qxh6# 1-0


[Site "https://www.chess.com"]

[Event "Titled Tuesday Blitz September 27 Late 2022"]
[White "Bilan, Danila"]
[Black "Milikow, Yoav"]
[WhiteFideId "24161918"]
[BlackFideId "2822237"]
[WhiteElo "2164"]
[BlackElo "2341"]
[Result "0-1"]
[Round "04"]
[TimeControl "180+1"]
[Date "2022.09.28"]
[WhiteClock "0:00:02"]
[BlackClock "0:00:07"]

1. d4 d5 2. Nf3 Nf6 3. c4 e6 4. Nc3 Bb4 5. Qb3 c5 6. a3 Ba5 7. e3 O-O 8. Bd2 cxd4 9. exd4 Nc6 10. Bd3 dxc4 11. Qxc4 Bb6 12. Be3 Ng4 13. O-O h6 14. Rad1 Bd7 15. Bb1 Ne7 16. Qd3 Nf5 17. h3 Ngxe3 18. fxe3 g6 19. Ne5 Be8 20. Ne4 Kg7 21. g4 Nd6 22. Nf6 Bb5 23. Qc2 Bxf1 24. Rxf1 Rc8 25. Qd3 Nf5 26. Nfd7 Qg5 27. Nxf8 Rxf8 28. Rf3 Rd8 29. Kf2 Qh4+ 30. Kg2 Bxd4 31. gxf5 Bxe5 32. Qe4 Rd2+ 33. Kg1 Qe1+ 34. Rf1 Bh2+ 0-1


[Site "https://www.chess.com"]

[Event "Titled Tuesday Blitz September 27 Late 2022"]
[White "Bluebaum, Matthias"]
[Black "Preotu, Razvan"]
[WhiteFideId "24651516"]
[BlackFideId "2613280"]
[WhiteElo "2633"]
[BlackElo "2407"]
[Result "1-0"]
[Round "04"]
[TimeControl "180+1"]
[Date "2022.09.27"]
[WhiteClock "0:00:41"]
[BlackClock "0:00:02"]

1. d4 Nf6 2. c4 g6 3. Nc3 d5 4. cxd5 Nxd5 5. e4 Nxc3 6. bxc3 Bg7 7. Nf3 c5 8. Bb5+ Nc6 9. O-O O-O 10. Bxc6 bxc6 11. Qc2 cxd4 12. cxd4 Bg4 13. Ne5 Qxd4 14. Bb2 Qb6 15. Rab1 Bxe5 16. Bxe5 Qa5 17. Bc3 Qc5 18. Qb2 a5 19. Bd4 Qd6 20. Qc3 Be2 21. Rfe1 Bb5 22. a4 Bxa4 23. Bh8 f6 24. e5 fxe5 25. Bxe5 Qd5 26. Qg3 Rf7 27. Ba1 c5 28. h4 Bc6 29. Re5 Qd6 30. h5 Raf8 31. hxg6 hxg6 32. Rh5 Rh7 33. Rxh7 Kxh7 34. Qh4+ Kg8 35. Re1 Kf7 36. Be5 Qd5 37. f3 Ke8 38. Bf6 Rf7 39. Qh8+ Kd7 40. Bc3 a4 41. Qb8 a3 42. Qa7+ Ke8 43. Qxa3 g5 44. Qa6 g4 45. Qc8+ 1-0


[Site "https://www.chess.com"]

[Event "Titled Tuesday Blitz September 27 Late 2022"]
[White "Boros, Denes"]
[Black "Zhigalko, Sergei"]
[WhiteFideId "722340"]
[BlackFideId "13502956"]
[WhiteElo "2464"]
[BlackElo "2662"]
[Result "1/2-1/2"]
[Round "04"]
[TimeControl "180+1"]
[Date "2022.09.27"]
[WhiteClock "0:01:15"]
[BlackClock "0:00:33"]

1. e4 c5 2. Nf3 Nc6 3. d4 cxd4 4. Nxd4 Nf6 5. Nc3 e5 6. Ndb5 d6 7. Bg5 a6 8. Na3 b5 9. Nd5 Be7 10. Bxf6 Bxf6 11. c3 Bg5 12. Bd3 Ne7 13. Nxe7 Qxe7 14. Nc2 O-O 15. O-O Rb8 16. Nb4 Qb7 17. Bc2 a5 18. Nd5 Be6 19. Qh5 Bxd5 20. exd5 h6 21. h4 Bd8 22. Rad1 b4 23. c4 Qe7 24. g3 Bb6 25. Rde1 Bd4 26. b3 Qd7 27. Bf5 Qa7 28. Bc2 Qd7 29. Bf5 Qa7 30. Bc2 Qd7 1/2-1/2


[Site "https://www.chess.com"]